Map: 2000 атмосфер РВ

Players

GGtoWin

  • Race: Zerg Zerg
  • League: Diamond

Kantara - Winner!

  • Race: Protoss Protoss
  • League: Diamond

VOD

Have the link to the VOD?

Description

Time

  • Played on: June 29, 2021, 2:15 p.m.
  • Length: 18:43
Show
View Real Time Build Order
Export as new Build Order

GGtoWin Zerg 

Build Orders: Hatch First 

Get SALT Encoding   

  12  0:02  Drone  
  13  0:12  Overlord  
  13  0:16  Drone  
  14  0:31  Drone  
  14  0:32  Drone  
  16  0:36  Drone  
  17  0:52  Hatchery  
  16  0:58  Drone  
  17  1:10  Spawning Pool  
  16  1:12  Drone  
  16  1:16  Drone  
  18  1:20  Extractor  
  18  1:22  Drone  
  18  1:28  Drone  
  19  1:41  Drone  
  20  1:51  Drone  
  21  2:01  Extractor, Queen  
  20  2:04  Queen  
  20  2:06  Drone, Zergling x2  
  27  2:13  Drone  
  28  2:28  Hatchery  
  28  2:29  Drone  
  28  2:31  Overlord  
  28  2:37  Extractor, Drone  
  28  2:38  Extractor, Drone  
  28  2:40  Extractor  
  28  2:41  Drone  
  31  2:53  Overlord  
  31  2:54  Drone x2  
  31  2:55  Metabolic Boost  
  33  3:01  Queen  
  35  3:07  Drone  
  36  3:12  Queen  
  36  3:15  Drone x2  
  40  3:27  Drone x4  
  42  3:31  Evolution Chamber  
  42  3:35  Overlord  
  42  3:44  Drone x7  
  49  4:00  Zerg Missile Weapons Level 1  
  49  4:05  Drone x5  
  49  4:06  Drone x3  
  49  4:08  Spore Crawler  
  56  4:10  Spore Crawler  
  56  4:12  Extractor  
  56  4:14  Zergling x2  
  56  4:15  Zergling x2  
  56  4:22  Spore Crawler  
  55  4:29  Zergling x4  
  55  4:30  Overlord x2  
  57  4:37  Roach Warren  
  56  4:39  Drone  
  56  4:44  Lair  
  57  4:49  Spine Crawler  
  56  4:56  Drone  
  56  4:57  Drone x10  
  67  5:00  Extractor  
  66  5:08  Hatchery  
  66  5:09  Overlord x3  
  66  5:10  Drone x3  
  68  5:14  Zergling x4  
  68  5:15  Zergling x2  
  68  5:16  Zergling x2  
  68  5:20  Extractor  
  71  5:21  Extractor  
  71  5:23  Extractor  
  66  5:48  Drone x9, Hydralisk Den  
  66  5:49  Drone x2  
  76  5:54  Zerg Missile Weapons Level 2  
  76  6:07  Drone x2  
  78  6:16  Spore Crawler  
  77  6:19  Burrow  
  77  6:22  Spore Crawler  
  72  6:40  Spore Crawler  
  72  6:42  Spore Crawler  
  72  6:43  Hydralisk x11  
  72  6:45  Hydralisk  
  94  6:48  Hydralisk  
  94  6:53  Overlord x3  
  96  7:11  Overlord, Queen x2  
  96  7:13  Grooved Spines  
  96  7:14  Drone  
  101  7:28  Hatchery  
  100  7:41  Queen  
  100  7:45  Overlord x3  
  100  7:48  Extractor  
  99  7:51  Extractor  
  93  8:06  Hydralisk x2  
  93  8:10  Zerg Ground Armor Level 1  
  93  8:12  Hydralisk x2  
  95  8:13  Hydralisk x15  
  129  8:22  Spore Crawler  
  129  8:24  Muscular Augments  
  128  8:31  Hydralisk x6  
  140  8:35  Hydralisk  
  140  8:38  Hydralisk  
  144  8:42  Hydralisk x2  
  144  8:47  Hydralisk x2  
  152  8:55  Spawning Pool  
  152  8:58  Hydralisk x3  
  155  9:03  Hydralisk  
  156  9:12  Hydralisk x2  
  158  9:28  Overlord x5  
  139  9:45  Hydralisk x2  
  109  9:46  Hydralisk x10  
  109  9:52  Hydralisk x2  
  123  9:56  Hydralisk  
  115  10:03  Hydralisk x2  
  111  10:07  Hydralisk  
  111  10:12  Hydralisk  
  107  10:15  Hydralisk  
  107  10:25  Hydralisk x2  
  111  10:28  Hydralisk  
  113  10:36  Drone x5  
  113  10:39  Drone  
  119  10:44  Lair  
  119  10:53  Lair  
  119  11:01  Drone  
  119  11:02  Drone x8  
  128  11:18  Drone x3  
  128  11:19  Drone x4  
  128  11:22  Hatchery  
  134  11:38  Extractor  
  134  11:39  Extractor  
  132  11:42  Hydralisk  
  132  11:43  Hydralisk x7  
  148  11:49  Infestation Pit  
  148  11:51  Drone x4  
  148  11:54  Glial Reconstitution  
  151  12:03  Drone x4  
  155  12:22  Overlord  
  155  12:35  Pathogen Glands  
  155  13:00  Hatchery  
  155  13:02  Hive  
  154  13:08  Pneumatized Carapace  
  154  13:11  Drone x2  
  156  13:13  Zerg Ground Armor Level 2  
  156  13:14  Infestor x4  
  156  13:16  Hydralisk x7  
  178  13:25  Zergling x2  
  178  13:26  Zergling x8  
  177  13:45  Hydralisk x2  
  177  13:46  Hydralisk x6  
  193  13:54  Hydralisk x3  
  199  14:11  Lurker Den  
  199  14:12  Spine Crawler  
  199  14:17  Overseer x2  
  197  14:27  Hydralisk  
  199  14:32  Hatchery  
  152  14:52  Hydralisk x13  
  133  15:00  Hydralisk x4  
  133  15:02  Hydralisk  
  143  15:08  Hydralisk x3  
  143  15:09  Hydralisk x13  
  143  15:13  Hydralisk  
  177  15:19  Adaptive Talons  
  177  15:25  Hatchery  
  177  15:26  Zergling x4  
  177  15:27  Zergling x10  
  183  15:30  Zerg Missile Weapons Level 3  
  183  15:37  Spore Crawler, Overseer  
  170  15:54  Infestor x2  
  174  16:06  Hydralisk x2  
  174  16:07  Hatchery  
  174  16:08  Lurker x4  
  174  16:10  Lurker  
  182  16:16  Spore Crawler  
  182  16:18  Drone x3  
  184  16:19  Spore Crawler  
  183  16:27  Evolution Chamber  
  183  16:29  Seismic Spines  
  183  16:32  Lurker x3  
  181  16:59  Hydralisk x3  
  148  17:17  Hydralisk x9  
  148  17:18  Hydralisk x10  
  150  17:25  Hydralisk x3  
  113  17:34  Hydralisk x3  
  107  17:37  Zergling x2  
  107  17:38  Zergling x10  
  104  17:54  Drone x5  
  104  17:55  Drone x4  
  113  18:00  Hydralisk x2  
  113  18:01  Hydralisk x2  
  113  18:05  Hydralisk  
  121  18:06  Hydralisk  
Show
View Real Time Build Order
Export as new Build Order

Kantara Protoss - Winner!

Build Orders: 1 Gate Expand, Carriers 

Get SALT Encoding   

  12  0:02  Probe  
  13  0:14  Probe  
  13  0:21  Pylon  
  14  0:26  Probe (Chrono Boost)  
  15  0:41  Gateway, Probe (Chrono Boost)  
  16  0:46  Probe (Chrono Boost)  
  16  0:49  Assimilator  
  17  0:58  Probe  
  18  1:10  Probe  
  19  1:23  Probe  
  20  1:28  Nexus  
  20  1:35  Cybernetics Core  
  20  1:38  Probe  
  21  1:42  Assimilator  
  21  1:50  Probe  
  22  1:57  Pylon  
  22  2:02  Probe  
  23  2:15  Probe (Chrono Boost), Stalker  
  26  2:27  Probe (Chrono Boost)  
  27  2:32  Probe (Chrono Boost), Shield Battery  
  28  2:41  Probe (Chrono Boost)  
  30  2:45  Stargate  
  30  2:47  Probe (Chrono Boost)  
  30  2:50  Probe (Chrono Boost)  
  33  2:51  Sentry  
  33  2:55  Forge  
  33  2:56  Probe (Chrono Boost)  
  35  3:00  Probe (Chrono Boost)  
  35  3:02  Assimilator  
  36  3:06  Probe (Chrono Boost)  
  36  3:09  Assimilator, Probe (Chrono Boost)  
  37  3:16  Warp Gate (Chrono Boost)  
  37  3:18  Probe (Chrono Boost)  
  38  3:20  Probe (Chrono Boost)  
  39  3:27  Void Ray  
  39  3:30  Probe (Chrono Boost)  
  39  3:31  Probe (Chrono Boost)  
  45  3:36  Probe  
  46  3:44  Pylon  
  46  3:54  Pylon  
  46  4:00  Fleet Beacon  
  46  4:02  Probe (Chrono Boost)  
  48  4:03  Probe (Chrono Boost)  
  48  4:04  Stargate  
  48  4:14  Probe (Chrono Boost)  
  50  4:19  Probe (Chrono Boost)  
  50  4:21  Probe (Chrono Boost)  
  51  4:26  Probe  
  51  4:28  Probe  
  53  4:33  Pylon  
  53  4:38  Probe  
  54  4:45  Tempest  
  59  4:51  Tempest  
  64  4:58  Protoss Air Weapons Level 1 (Chrono Boost)  
  64  5:13  Probe  
  64  5:14  Probe  
  66  5:22  Photon Cannon  
  66  5:25  Probe  
  67  5:29  Nexus  
  64  5:43  Probe (Chrono Boost)  
  64  5:47  Probe (Chrono Boost)  
  64  5:48  Adept  
  68  5:52  Photon Cannon  
  68  5:54  Pylon, Probe (Chrono Boost)  
  70  5:57  Probe (Chrono Boost)  
  70  5:58  Pylon  
  70  6:01  Pylon, Photon Cannon  
  70  6:07  Pylon  
  70  6:11  Tempest  
  70  6:12  Probe (Chrono Boost)  
  70  6:14  Probe (Chrono Boost)  
  70  6:15  Photon Cannon  
  70  6:16  Tempest  
  82  6:24  Probe (Chrono Boost)  
  84  6:28  Probe (Chrono Boost)  
  84  6:30  Probe (Chrono Boost)  
  85  6:36  Probe  
  86  6:41  Unknown  
  86  6:43  Probe x2  
  88  6:48  Probe, Void Ray  
  88  6:53  Void Ray  
  89  6:54  Assimilator  
  89  6:55  Probe x2  
  89  6:58  Assimilator  
  99  7:08  Probe (Chrono Boost)  
  102  7:10  Probe x2 (Chrono Boost)  
  102  7:15  Protoss Ground Weapons Level 1 (Chrono Boost), Photon Cannon  
  102  7:16  Photon Cannon  
  102  7:17  Mothership (Chrono Boost)  
  102  7:19  Photon Cannon x2  
  112  7:25  Probe x2 (Chrono Boost)  
  112  7:27  Protoss Air Weapons Level 2  
  112  7:43  Twilight Council  
  112  7:46  Probe x2  
  115  7:58  Probe x2  
  116  8:10  Probe  
  117  8:15  Pylon x2  
  117  8:17  Pylon  
  117  8:21  Gateway  
  117  8:22  Gateway  
  117  8:30  Carrier (Chrono Boost), Photon Cannon  
  117  8:31  Charge (Chrono Boost), Gateway, Shield Battery  
  117  8:32  Gateway, Carrier (Chrono Boost), Photon Cannon  
  117  8:33  Probe x2, Shield Battery  
  125  8:35  Photon Cannon x2  
  125  8:37  Templar Archives  
  131  8:54  Probe x2  
  133  9:04  Probe  
  134  9:16  Probe x3  
  137  9:18  High Templar x2  
  141  9:26  Pylon  
  141  9:28  Pylon  
  141  9:30  Pylon  
  139  9:38  Carrier  
  139  9:43  Carrier  
  136  9:51  Zealot x5  
  118  10:16  Psionic Storm  
  118  10:31  High Templar x5  
  118  10:35  Nexus  
  128  10:39  Pylon  
  128  10:40  Assimilator, Pylon  
  128  10:43  Assimilator, Carrier  
  128  10:47  Carrier  
  140  10:52  Photon Cannon x2  
  140  10:53  Photon Cannon x2  
  140  10:54  Photon Cannon  
  140  10:55  Protoss Ground Weapons Level 2 (Chrono Boost)  
  140  10:56  Photon Cannon x2  
  140  10:58  Photon Cannon  
  140  11:04  Zealot x5  
  150  11:12  Probe x2  
  150  11:13  Probe  
  153  11:19  Protoss Air Weapons Level 3 (Chrono Boost)  
  153  11:22  Photon Cannon  
  153  11:24  Probe (Chrono Boost), Photon Cannon  
  154  11:27  Photon Cannon  
  154  11:29  Shield Battery  
  154  11:31  Mothership (Chrono Boost)  
  154  11:38  High Templar  
  164  11:52  Carrier  
  170  12:05  Zealot x2  
  170  12:06  Zealot  
  176  12:12  Photon Cannon  
  176  12:15  Photon Cannon  
  176  12:16  Carrier  
  176  12:17  Photon Cannon  
  176  12:20  Shield Battery  
  182  12:23  Pylon  
  182  12:26  Pylon  
  182  12:50  Nexus  
  182  12:51  Pylon  
  182  12:56  Dark Shrine  
  182  13:13  Carrier (Chrono Boost)  
  182  13:18  Carrier (Chrono Boost)  
  188  13:25  Photon Cannon  
  188  13:26  Photon Cannon  
  194  13:27  Photon Cannon  
  194  13:28  Photon Cannon  
  194  13:29  Photon Cannon  
  194  13:32  Pylon, Shield Battery  
  194  13:33  Shield Battery  
  179  13:44  Stargate  
  179  13:45  Pylon, Protoss Ground Weapons Level 3 (Chrono Boost), Stargate  
  179  13:47  Pylon  
  173  14:04  Protoss Air Armor Level 1 (Chrono Boost)  
  173  14:08  Zealot x3  
  173  14:09  Zealot x2  
  183  14:15  Robotics Facility  
  183  14:30  Assimilator  
  182  14:31  Assimilator, Dark Templar x3  
  182  14:32  Dark Templar x2  
  173  15:06  Dark Templar x5  
  183  15:30  Observer  
  173  15:51  Observer  
  174  16:04  Protoss Air Armor Level 2 (Chrono Boost)  
  174  16:09  Carrier x2 (Chrono Boost)  
  174  16:10  Carrier x2 (Chrono Boost)  
  174  16:12  Pylon x2  
  174  16:13  Assimilator, Pylon x2, Observer  
  174  16:14  Assimilator  
  199  16:18  Nexus  
  199  16:32  Protoss Shields Level 1 (Chrono Boost)  
  199  16:35  Gateway x2  
  191  16:47  Gateway, Shadow Stride (Chrono Boost)  
  191  16:49  Gateway x2  
  191  16:50  Gateway  
  191  16:52  Gateway  
  191  16:53  Gateway  
  191  16:57  Dark Templar x4  
  191  16:59  Stargate  
  199  17:05  Photon Cannon  
  199  17:08  Photon Cannon  
  199  17:09  Shield Battery  
  199  17:13  Shield Battery  
  199  17:14  Photon Cannon  
  198  17:16  Photon Cannon  
  198  17:18  Photon Cannon  
  188  18:11  Nexus  
Tags
 
Add a new tag
Caveats
  • Supply blocks, unpowered buildings, or Contaminate may cause inaccurate times.
  • Supply counts are checked every 10 seconds.